 Dungeon Crawl Stone Soup version 0.18.1-2-ga659475 (webtiles) character file.

124 Hipnos the Conjurer (level 4, -3/30 HPs)
             Began as a Mummy Wizard on May 8, 2016.
             Slain by an orc
             ... wielding a +0 mace
              (9 damage)
             ... on level 4 of the Dungeon.
             The game lasted 00:10:53 (3224 turns).

Hipnos the Conjurer (Mummy Wizard)                  Turns: 3224, Time: 00:10:54

Health: -3/30      AC:  3    Str:  7    XL:     4   Next: 81%
Magic:  4/8        EV: 12    Int: 18    God:
Gold:   128        SH:  0    Dex: 10    Spells: 3 memorised, 3 levels left

rFire  x . .     SeeInvis .     d - +0 club
rCold  + . .     Gourm    .     a - +0 robe
rNeg   + + +     Faith    .     (no shield)
rPois  ∞         Spirit   .     b - +1 hat
rElec  .         Dismiss  .     (no cloak)
rCorr  .         Reflect  .     (no gloves)
SustAt .         Harm     .     (no boots)
MR     .....                    (no amulet)
Stlth  ++........               m - ring of flight
                                l - -3 ring of strength (curse)

@: not resistant to hostile enchantments, unstealthy
A: no food or potions, fire vulnerability, cold resistance 1, negative energy
resistance 3, torment resistance, unbreathing
a: Evoke Flight


You were on level 4 of the Dungeon.
You were not hungry.

You visited 1 branch of the dungeon, and saw 4 of its levels.

You collected 128 gold pieces.

Inventory:

Hand Weapons
 d - a +0 club (weapon)
Armour
 a - a +0 robe (worn)
 b - a +1 hat (worn)
Jewellery
 h - an uncursed ring of poison resistance
 l - a cursed -3 ring of strength (left hand)
 m - a ring of flight (right hand)
Scrolls
 k - 2 scrolls of magic mapping
Books
 c - a book of Minor Magic

   Spells                             Type                      Level
   a - Magic Dart                     Conjuration                  1
   b - Blink                          Translocation                2
   c - Call Imp                       Summoning                    2
   d - Repel Missiles                 Charms/Air                   2
   e - Slow                           Hexes                        2
   f - Conjure Flame                  Conjuration/Fire             3
   g - Mephitic Cloud                 Conjuration/Poison/Air       3


   Skills:
 - Level 1.6 Dodging
 - Level 1.5 Stealth
 - Level 3.0 Spellcasting
 * Level 3.8 Conjurations
   Level 0.7 Summonings
 - Level 0.7 Translocations


You had 3 spell levels left.
You knew the following spells:

 Your Spells              Type           Power        Failure   Level  Hunger
a - Magic Dart            Conj           ###.         3%          1    N/A
b - Blink                 Tloc           N/A          21%         2    N/A
c - Mephitic Cloud        Conj/Pois/Air  #.......     30%         3    N/A

Dungeon Overview and Level Annotations

Branches:
Dungeon (4/15)
 Temple: D:4-7

Altars:

Annotations:
D:4 Edmund, Robin


Innate Abilities, Weirdness & Mutations

You do not eat or drink.
Your flesh is vulnerable to fire.
You are immune to poison.
Your flesh is cold resistant.
You are immune to negative energy.
You are immune to unholy pain and torment.
You can survive without breathing.


Message History

The orc shouts!
The shadow imp shouts, "Bolt, thou foppish flammable bandersnitch!"
Your magical contamination has completely faded away.
The shadow imp gestures at you.
You are unaffected.
The shadow imp hits you.
The giant cockroach bites you but does no damage.
The orc throws a stone.
The stone hits you.
You see here a stone.
The orc throws a stone.
The stone closely misses you.
The orc hits you from afar with a trident.
* * * LOW HITPOINT WARNING * * *
The orc barely misses you. The giant cockroach closely misses you.
The orc hits you with a dagger.
* * * LOW HITPOINT WARNING * * *
You see here 7 stones.
The ball python misses you. The ball python closely misses you.
The orc hits you with a mace!
You die...

#####...### #.# #.# #.........#
#.# #.# #.###...#.### #.# #.#
#.#.........###.# #.#
#.#.............# #.#
#.#.........##### #.#
#.################## #.# .! #.#
#.(.......# #.# #.o.
#.########..5.os@..#######.#...S.
........g(g.SoooS.....)..)....#
.....###.#...o.....#########...§.
.....# #.#..g......# ..§#. .....#
#5#.........# ....
#.##.###..g........### ...#
gggg.o................ ...
..##.#########.####### .#s ..##l#
#.#


You could see an adder, a shadow imp, 5 orcs, a giant cockroach, a hobgoblin, 2
goblins and a ball python.

Vanquished Creatures
  Jessica (D:2)
  A worker ant (D:4)
  2 adders (D:2)
  A worm (D:2)
  3 giant geckos
  2 orcs (D:4)
  5 bats
  4 giant cockroaches
  9 goblins
  5 hobgoblins
  3 jackals (D:1)
  2 quokkas (D:2)
  2 giant newts
  6 kobolds
  3 rats
49 creatures vanquished.

Notes
Turn   | Place    | Note
--------------------------------------------------------------
     0 | D:1      | Hipnos the Mummy Wizard began the quest for the Orb.
     0 | D:1      | Reached XP level 1. HP: 13/13 MP: 4/4
   344 | D:1      | Reached skill level 1 in Conjurations
   467 | D:1      | Reached XP level 2. HP: 11/19 MP: 3/6
   480 | D:1      | Learned a level 2 spell: Blink
  1527 | D:2      | Reached XP level 3. HP: 24/24 MP: 4/7
  1844 | D:2      | Noticed Jessica
  1860 | D:2      | Killed Jessica
  1996 | D:2      | Reached XP level 4. HP: 24/30 MP: 3/8
  2473 | D:3      | Noticed an ice beast
  2844 | D:4      | Learned a level 3 spell: Mephitic Cloud
  3061 | D:4      | Noticed Edmund
  3148 | D:4      | Noticed Robin
  3224 | D:4      | Slain by an orc

Skill      XL: |  1  2  3 |
---------------+----------+-----
Conjurations   | 1 2 3 |  3.8
Dodging        | |  1.6
Stealth        | |  1.5
Spellcasting   | |  3.0
Summonings     | |  0.7
Translocations | |  0.7

Action                   |  1- 3 |  4- 6 || total
-------------------------+-------+-------++-------
Melee: Club              |    46 |     8 ||    54
       Unarmed           |     1 |       ||     1
 Cast: Magic Dart        |    73 |    45 ||   118
       Mephitic Cloud    |       |     3 ||     3
       Blink             |       |     3 ||     3
  Use: Scroll            |     3 |     5 ||     8
 Stab: Sleeping          |     1 |       ||     1
Armor: Robe              |    18 |     8 ||    26
Dodge: Dodged            |    47 |    39 ||    86
